 Dungeon Crawl Stone Soup version 0.22-a0-274-gf8199ec (webtiles) character file.

25 Amnesiac the Magician (level 2, -5/21 HPs)
             Began as a Mummy Wizard on Mar 14, 2018.
             Killed by divine providence
             ... invoked by an orc priest
              (12 damage)
             ... on level 2 of the Dungeon.
             The game lasted 00:02:02 (1194 turns).

Amnesiac the Magician (Mummy Wizard)                Turns: 1194, Time: 00:02:04

Health: -5/21      AC:  2    Str: 10    XL:     2   Next: 86%
Magic:  5/7        EV: 12    Int: 17    God:
Gold:   57         SH:  0    Dex: 10    Spells: 8/9 levels left

rFire    x . .     SeeInvis .   (no weapon)
rCold    + . .     Gourm    .   (no shield)
rNeg     + + +     Faith    .   a - +0 robe
rPois    ∞         Spirit   .   b - +0 hat
rElec    .         Reflect  .   (no cloak)
rCorr    .         Harm     .   (no gloves)
MR       .....     Rnd*Tele +   (no boots)
Stlth    ++........             (no amulet)
HPRegen  0.07/turn              f - ring of teleportation (curse)
MPRegen  0.10/turn              (no ring)

@: no status effects
A: no food or potions, fire vulnerability, cold resistance 1, negative energy
resistance 3, torment resistance, unbreathing
a: no special abilities


You were on level 2 of the Dungeon.
You were not hungry.

You visited 1 branch of the dungeon, and saw 2 of its levels.

You collected 57 gold pieces.

Inventory:

Armour
 a - a +0 robe (worn)
 b - a +0 hat (worn)
 d - a cursed +0 ring mail
Jewellery
 c - a +2 ring of dexterity {unknown}
 f - a cursed ring of teleportation (left hand)
Scrolls
 e - a scroll of remove curse {!r, unknown}
 g - a scroll of identify {!r, unknown}


   Skills:
 + Level 1.5 Fighting
 * Level 2.0 Dodging
 - Level 1.5 Stealth
 - Level 4.0 Spellcasting
 + Level 1.2 Conjurations
   Level 0.7 Summonings
   Level 0.7 Translocations


You had 8 spell levels left.
You knew the following spells:

 Your Spells              Type           Power        Failure   Level  Hunger
a - Magic Dart            Conj           #...         10%         1    N/A

Dungeon Overview and Level Annotations

Branches:
Dungeon (2/15)

Altars:


Innate Abilities, Weirdness & Mutations

You do not eat or drink.
Your flesh is vulnerable to fire.
You are immune to poison.
Your flesh is cold resistant. (rC+)
You are immune to negative energy. (rN+++)
You are immune to unholy pain and torment.
You can survive without breathing.


Message History

An orc is nearby!
Casting: Magic Dart (safe; 10% risk of failure)
Confirm with . or Enter, or press ? or * to list all spells.
Aiming: Magic Dart (safe; 10% risk of failure)
Press: ? - help, Shift-Dir - straight line, f/p - orc
Aim: an orc, wielding a flail The magic dart hits the orc.
The orc is heavily wounded.
An orc comes into view.
It is wielding a morningstar of protection.
There are monsters nearby!
Casting: Magic Dart (safe; 10% risk of failure)
Confirm with . or Enter, or press ? or * to list all spells.
Aiming: Magic Dart (safe; 10% risk of failure)
Press: ? - help, Shift-Dir - straight line, f/p - orc
Aim: an orc, wielding a flail (heavily wounded)
The magic dart hits the orc.
The orc is heavily wounded.
You are suddenly yanked towards some nearby monsters!
Your surroundings suddenly seem different.
An orc priest comes into view.
The orc priest shouts!
The bat barely misses you.
Found a ration.
A bat, a rat, a worm, a kobold and 2 orcs come into view.
An orc wizard is wielding a dagger of draining.
Casting: Magic Dart (safe; 10% risk of failure)
Confirm with . or Enter, or press ? or * to list all spells.
You don't know that spell.
A quokka and a jackal come into view.
The bat closely misses you.
Found 9 gold pieces and a blue potion.
A bat and a jackal come into view.
The bat barely misses you.
The orc wizard gestures wildly while chanting.
The orc wizard seems to speed up.
A jackal comes into view.
The bat hits you.
A jackal comes into view.
The orc wizard mumbles some strange words.
The orc wizard blinks!
The bat closely misses you. The rat bites you but does no damage.
The bat barely misses you. x2
The bat barely misses you.
You barely miss the bat. The bat closely misses you. The bat misses you.
The bat hits you but does no damage. The rat closely misses you.
The jackal bites you but does no damage.
A frilled lizard comes into view.
The jackal barks!
The frilled lizard hisses angrily.
The jackal barks!
The bat misses you. The bat hits you but does no damage. The jackal bites you.
The jackal barely misses you. The bat misses you.
The kobold shouts!
The orc wizard mumbles some strange words.
The orc wizard blinks!
The jackal barely misses you. x2
The jackal bites you but does no damage.
The orc priest invokes the aid of Beogh against you.
Beogh smites you!
Ouch! That really hurt!
* * * LOW HITPOINT WARNING * * *
The jackal bites you but does no damage.
The orc priest invokes the aid of Beogh against you.
Beogh smites you!
Ouch! That really hurt!
You die...

#.#....h.#. #.#
##.....§.# .## #.#
#.....o..# ..# #.#
....o..#r###.# #.##
.#.o####..##.# #.<#
.#....##.ro#.#####.##
.o.%#o...#...#..##..#
.........o..hb..###.#
..........#.#hbh@...#
..........#(.>#.#####
..............#.#
..........#...#.#
#...#...#.##..#.#
##....### ##...#
.#### ##..# ... ##...


You could see an orc priest, an orc wizard, 3 jackals, 2 bats and a rat.

Vanquished Creatures
  An ooze (D:1)
  A dart slug (D:1)
  2 giant cockroaches (D:1)
  A goblin (D:1)
  3 hobgoblins (D:1)
  3 kobolds (D:1)
  3 bats (D:1)
  2 frilled lizards
  4 rats (D:1)
20 creatures vanquished.

Notes
Turn   | Place    | Note
-------+----------+-------------------------------------------
     0 | D:1      | Amnesiac the Mummy Wizard began the quest for the Orb.
     0 | D:1      | Reached XP level 1. HP: 13/13 MP: 5/5
    35 | D:1      | Reached skill level 1 in Conjurations
   263 | D:1      | Reached skill level 1 in Fighting
   339 | D:1      | Reached XP level 2. HP: 21/21 MP: 0/7
  1194 | D:2      | Killed from afar by an orc priest

Vault maps used:
D:1:      minmay_arrival_loop, serial_co_window_serial,
          co_window_of_opportunity_a, co_window_of_opportunity_a,
          co_window_paths_a, co_window_paths_a, co_window_of_opportunity_a,
          co_window_paths_a, co_window_of_opportunity_a, co_window_broadway_c,
          co_window_corner_cb, co_window_corner_b, co_window_unsneaky_path_b,
          co_window_paths_d, glass_columns_b, glass_columns_b, glass_columns_c

Skill      XL: |  1  2 |
---------------+-------+-----
Conjurations   | 1 |  1.2
Fighting       | 1 |  1.5
Dodging        | 2 |  2.0
Stealth        | |  1.5
Spellcasting   | |  4.0
Summonings     | |  0.7
Translocations | |  0.7

Action                   || total
-------------------------++-------
Melee: Unarmed           ||     9
 Cast: Magic Dart        ||    60
  Use: Scroll            ||     2
Armor: Robe              ||    11
Dodge: Dodged            ||    24

Table legend:
 A = Spawn XP
 B = Non-spawn XP
 C = Spawn XP percentage of total XP
 D = Spawn monster count
 E = Non-spawn monster count
 F = Spawn count percentage of total count
 G = Total turns spent on level
                    A         B        C        D         E        F      G
               +---------+---------+-------+---------+---------+-------+---------
         Total |       0 |      37 |   0.0 |       0 |      20 |   0.0 |  1194
               +---------+---------+-------+---------+---------+-------+---------
           D:1 |       0 |      36 |   0.0 |       0 |      19 |   0.0 |  1160
           D:2 |       0 |       1 |   0.0 |       0 |       1 |   0.0 |    34
               +---------+---------+-------+---------+---------+-------+---------
